Unix NetHack Version 5.0.0-0 post-release - last build Jun 10 2026 00:39:30 (3ee93aec679c4c4259841fe613dc97188e26a321,branch:main).

Game began 2026-06-13 01:07:56, ended 2026-06-13 01:32:16.

Jobair, lawful female human Archeologist

                                       -----------
     -----------                       |d@[......|
     |.<.......|                  #####..Y.......|
     |.........|     -----------  #    |%.>......|
     |......{...#####|.........|  #    |..........
     --.--------    #-..........###    ..........|
       #            #|......<..|       --.--------
       #         ####--.--------
       #         #     ####
       #       ###        %#
       ###     #           #
       --|---###           #
       |{...|#           --.---------
       |....|#           |..........|
       |....|#           |..........+
       |.....#           |..........|
       ------            ------------

Jobair the Field Worker    St:13 Dx:8 Co:16 In:15 Wi:17 Ch:7  Lawful
Dlvl:7  $:166 HP:0(44) Pw:23(23) AC:6  Xp:5 T:2508  Burdened

Latest messages:
 You drop a crested helmet.
 Your movements are only slowed slightly by your load.
 Godzilla picks up an iron skull cap.
 You swap places with Godzilla.
 You see here a crested helmet.
 You have trouble lifting a crested helmet.  Continue? [ynq] (q) q
 Godzilla drops an iron skull cap.
 You have trouble lifting a crested helmet.  Continue? [ynq] (q) y
 You have trouble lifting V - a crested helmet.
 You rebalance your load.  Movement is difficult.
 What do you want to take off?
 You finish taking off your helm.
 What do you want to wear?
 You finish your dressing maneuver.
 What do you want to drop?
 You drop a +0 iron skull cap.
 Your movements are only slowed slightly by your load.
 What do you want to use or apply?
 You produce a strange whistling sound.
 Godzilla shifts location.
 The ape hits!
 The ape hits again!
 The ape bites!
 You lash the ape.
 The ape hits!
 The ape hits again!
 The ape bites!
 You miss the ape.
 The ape hits!
 The ape hits again!
 The ape bites!
 Godzilla picks up a +0 iron skull cap.
 What do you want to zap?
 Nothing happens.
 The ape hits!
 The ape hits again!
 The ape bites!
 You lash the ape.
 The ape hits!
 The ape just misses!
 The ape bites!
 What do you want to zap?
 In what direction? 2
 The ape hits!
 You die...
 Do you want your possessions identified? [ynq] (y) y
 Do you want to see your attributes? [ynq] (y) y
 Do you want an account of creatures vanquished? [ynaq] (y) y
 Do you want to see your conduct and achievements? [ynq] (y) y
 Do you want to see the dungeon overview? [ynq] (y) y

Inventory:
 Coins    ('$')
  $ - 166 gold pieces
 Weapons  (')')
  p - a +0 boomerang
  e - 14 blessed +1 darts
  t - a +0 dart (at the ready)
  a - a +2 bullwhip (weapon in right hand)
 Armor    ('[')
  V - an uncursed +0 helm of telepathy (being worn)
  A - an uncursed +0 pair of speed boots (being worn)
  Z - an uncursed +0 shield of drain resistance (being worn)
  u - an uncursed +0 dwarvish cloak (being worn)
  h - an uncursed +0 leather jacket (being worn)
 Comestibles  ('%')
  S - a cursed carrot
  d - 5 uncursed food rations
 Scrolls  ('?')
  C - an uncursed scroll of amnesia
  J - a cursed scroll of create monster
  N - a cursed scroll of enchant armor
  k - an uncursed scroll of enchant weapon
  K - an uncursed scroll of gold detection
  B - 2 uncursed scrolls of identify
  L - 2 uncursed scrolls of light
  M - a cursed scroll of light
  v - a blessed scroll of remove curse
  y - an uncursed scroll of scare monster
  I - a cursed scroll of teleportation
 Spellbooks  ('+')
  n - an uncursed spellbook of magic missile
  U - a cursed spellbook of sleep
 Potions  ('!')
  l - an uncursed potion of hallucination
  O - a cursed potion of hallucination
  i - a blessed potion of healing
  E - 2 uncursed potions of healing
  Y - a cursed potion of healing
  m - a blessed potion of invisibility
  c - an uncursed potion of monster detection
  j - 2 uncursed potions of oil
  r - an uncursed potion of sickness
 Rings    ('=')
  P - a cursed +1 ring of gain strength
 Wands    ('/')
  W - a wand of digging (0:7)
  z - a wand of slow monster (0:0)
 Tools    ('(')
  Q - an empty cursed bag of holding
  R - a cursed bag of holding containing 1 item
  b - an uncursed sack containing 1 item
  w - an uncursed magic whistle
  f - a tinning kit (0:43)
 Gems/Stones  ('*')
  q - a cursed agate stone
  g - an uncursed touchstone

Contents of the sack:
  a +0 pick-axe

Contents of the bag of holding:
  a +0 pick-axe

Jobair the Archeologist's attributes:

Background:
 You were a Field Worker, a level 5 female human Archeologist.
 You were lawful, nominally on a mission for Quetzalcoatl
 who was opposed by Camaxtli (neutral) and Huhetotl (chaotic).
 You were right-handed.
 You were in the Dungeons of Doom, on level 7.
 You entered the dungeon 2508 turns ago.
 It was nighttime.
 You had 225 experience points, 95 more were needed to attain level 6.

Basics:
 You had 0 out of 44 hit points.
 You had all 23 energy points (spell power).
 Your armor class was 6.
 Your wallet contained 166 zorkmids.
 Autopickup was off.

Final Characteristics:
 Your strength was 13 (limit:18/100).
 Your dexterity was 8 (limit:18).
 Your constitution was 16 (limit:18).
 Your intelligence was 15 (limit:18).
 Your wisdom was 17 (limit:18).
 Your charisma was 7 (limit:18).

Final Status:
 You weren't hungry.
 You were burdened; movement was slightly slowed.
 You were wielding a whip.
 You had basic skill with whip and could have enhanced that.

Final Attributes:
 You were piously aligned.
 Your items were somewhat protected from fire.
 Your items were somewhat protected from cold.
 You were level-drain resistant.
 You were telepathic.
 You had automatic searching.
 You were stealthy.
 You were warded.
 You were very fast.
 You are dead.

Miscellaneous:
 You encountered 1 bones level.
 Total elapsed playing time was 24 minutes and 20 seconds.

Major events:
 Turn
    1: Jobair the lawful female human Archeologist entered the dungeon
 1038: attained the rank of Field Worker (level 3)
 2508: killed by an ape

You didn't know any spells.

Skills:
 Fighting Skills
   bare handed combat [Unskilled]
   two weapon combat  [Unskilled]
   riding             [Unskilled]
 Weapon Skills
   dagger             [Unskilled]
   knife              [Unskilled]
   pick-axe           [Basic]
   short sword        [Unskilled]
   saber              [Unskilled]
   club               [Unskilled]
   quarterstaff       [Unskilled]
   sling              [Unskilled]
   dart               [Unskilled]
   boomerang          [Unskilled]
   whip               [Basic]
   unicorn horn       [Unskilled]
 Spellcasting Skills
   attack spells      [Unskilled]
   healing spells     [Unskilled]
   divination spells  [Unskilled]
   matter spells      [Unskilled]

Voluntary challenges:
 Character rerolling was not enabled.
 You were an atheist.
 You never genocided any monsters.
 You never polymorphed an object.
 You never changed form.
 You used no wishes.
Achievements:
 You entered a shop.
 You attained the rank of Field Worker.

 The Dungeons of Doom: levels 1 to 7
    Level 1:
    Level 2:
       Some fountains.
    Level 3:
       A general store.
    Level 4:
    Level 5:
       A general store, a fountain.
       Final resting place for
          Jobair-Arc-Hum-Fem-Law, killed by a kitten.
    Level 6:
    Level 7: <- You were here.
       Some fountains.
       Final resting place for
          you, killed by an ape.


Vanquished creatures:
  a dust vortex
  a kobold mummy
  4 giant ants
  a little dog
  a floating eye
  2 kittens
  a kobold shaman
  a monkey
 an iguana
  2 coyotes
  a gas spore
  a large kobold
  a hobgoblin
  a cave spider
  2 yellow molds
  a green mold
  a gecko
  6 jackals
  2 foxes
  3 kobolds
  a goblin
  5 grid bugs
  3 bats
  a lichen
  2 kobold zombies
  3 newts
49 creatures vanquished.

No species were genocided or became extinct.

Game over:
                       ----------
                      /          \
                     /    REST    \
                    /      IN      \
                   /     PEACE      \
                  /                  \
                  |      Jobair      |
                  |      166 Au      |
                  | killed by an ape |
                  |                  |
                  |                  |
                  |                  |
                  |       2026       |
                 *|     *  *  *      | *
        _________)/\\_//(\/(/\)/\//\/|_)_______

Goodbye Jobair the Archeologist...

You died in The Dungeons of Doom on dungeon level 7 with 1360 points,
and 166 pieces of gold, after 2508 moves.
You were level 5 with a maximum of 44 hit points when you died.

